 Dungeon Crawl Stone Soup version 0.31.0-12-g77e489cdc1 (webtiles) character file.

Game seed: 17356206771190678433

102141 RKaid the Ripper (level 15, -2/93 HPs)
             Began as a Felid Berserker on Feb 28, 2024.
             Was a High Priest of Trog.
             Slain by a redback (14 damage)
             ... on level 1 of the Spider Nest.
             The game lasted 01:26:40 (28103 turns).

RKaid the Ripper (Felid Berserker)                 Turns: 28103, Time: 01:26:40

Health: -2/93      AC:  3    Str: 19    XL:     15   Next: 85%
Magic:  16/16      EV: 36    Int: 11    God:    Trog [*****.]
Gold:   1359       SH:  5    Dex: 17    Spells: 14/14 levels left
                                        Lives:  0   Deaths: 5

rFire   . .          .
                       - Unarmed
rCold   + . .        (shield unavailable)
rNeg    . . .        (body armour unavailable)
rPois   +            (helmet unavailable)
rElec   .            (cloak unavailable)
rCorr   .            (gloves unavailable)
SInv    +            (boots unavailable)
Will    ++...        H - amulet of reflection
Stlth   ++++         L - ring of poison resistance {rPois}
HPRegen 0.35/turn    n - +5 ring of evasion
MPRegen 0.15/turn

%: reflection
@: maw-form, marked, on berserk cooldown, slightly contaminated, slowed, very
slow
A: devouring maw, very small, claws 1, fangs 3, see invisible, shaggy fur 3,
stealthy paws, no weapons or thrown items, no armour, multi-lived
a: Begin Untransformation, Renounce Religion, Berserk, Trog's Hand, Brothers in
Arms


You were on level 1 of the Spider Nest.
You worshipped Trog.
Trog was extremely pleased with you.
You were a creature with a mouth for a stomach.
You visited 4 branches of the dungeon, and saw 23 of its levels.
You also visited: Bailey, Gauntlet, Ice Cave and Volcano.

You collected 3064 gold pieces.
You spent 1705 gold pieces at shops.

Inventory:

Jewellery
 k - an amulet of guardian spirit
   (You found it on level 4 of the Dungeon)
 n - a +5 ring of evasion (right paw)
   (You bought it in a shop on level 2 of the Orcish Mines)
 w - a ring of protection from cold {rC+}
   (You found it on level 5 of the Lair of Beasts)
 H - an amulet of reflection (around neck)
   (You acquired it on level 12 of the Dungeon)
 L - a ring of poison resistance (left paw) {rPois}
   (You bought it in a shop on level 2 of the Orcish Mines)
Talismans
 z - a blade talisman
   (You found it on level 4 of the Lair of Beasts)
 I - a maw talisman (active)
   (You bought it in a shop on level 14 of the Dungeon)
Wands
 b - a wand of mindburst (2)
   (You found it on level 9 of the Dungeon)
 d - a wand of polymorph (11)
   (You took it off an orc in a bailey)
 f - a wand of roots (17)
   (You found it on level 2 of the Dungeon)
 j - a wand of flame (45)
   (You took it off Natasha on level 2 of the Dungeon)
 p - a wand of paralysis (19)
   (You found it on level 1 of the Lair of Beasts)
 D - a wand of digging (11)
   (You found it on level 10 of the Dungeon)
 E - a wand of quicksilver (3)
   (You found it on level 11 of the Dungeon)
Scrolls
 g - 5 scrolls of immolation {!r}
 i - 8 scrolls of identify
 l - 2 scrolls of blinking {!r}
 m - 4 scrolls of fear
 o - 2 scrolls of fog
 t - 4 scrolls of teleportation
 u - a scroll of torment {!r}
 v - 6 scrolls of poison {!r}
 y - 2 scrolls of revelation
 G - 2 scrolls of summoning
Potions
 a - 2 potions of magic
 c - 7 potions of curing
 e - 5 potions of might
 h - a potion of heal wounds
 q - 2 potions of lignification {!q}
 r - 5 potions of enlightenment
 x - 2 potions of mutation {!q!q}
 A - a potion of invisibility
 B - 2 potions of berserk rage {!q}
 C - 2 potions of attraction {!q}
 F - a potion of haste
 J - a potion of cancellation
Miscellaneous
 s - a tin of tremorstones (2/2)
   (You found it in a Gauntlet)
 K - a phial of floods
   (You found it in an ice cave)


   Skills:
 + Level 17.3 Fighting
 + Level 18.6 Dodging
 - Level 8.0 Stealth
 + Level 19.2 Unarmed Combat
 + Level 12.1 Shapeshifting


You had 14 spell levels left.
You didn't know any spells.
Your spell library contained the following spells:

 Spells                   Type           Power      Damage    Failure   Level
 Jinxbite                 Hex            0%         N/A       47%         2
 Yara's Violent Unravell  Hex/Alch       0%         3d3       100%        5
 Enfeeble                 Hex            0%         N/A       100%        7


Dungeon Overview and Level Annotations

Branches:
Dungeon (15/15)            Temple (0/1) D:4            Lair (5/5) D:8
 Shoals (0/4) Lair:3       Spider (1/4) Lair:3        Slime (0/5) Lair:4
    Orc (2/2) D:10            Elf (0/3) Orc:2        Vaults (0/5) D:13
 Bailey (visited)           IceCv (visited)         Volcano (visited)
Gauntlet (visited)
 Depths: D:15

Altars:
Ashenzari
Dithmenos
Gozag
Hepliaklqana
Okawaru
Trog
Uskayaw
Zin
The Shining One
Jiyva

Shops:
D:4 ?   D:8 *   D:14 =   Orc:1 [   Orc:2 *=(([

Annotations:
D:5 1 runed translucent door, Crazy Yiuf
D:10 exclusion: door
D:15 1 exclusion
Lair:4 3 runed translucent doors, riffraff's ghost, journeyman AtFi


Innate Abilities, Weirdness & Mutations

You are a creature with a mouth for a stomach.
Your midsection houses a second, enormous mouth.
You have sharp claws.
You have razor-sharp teeth.
You have supernaturally acute eyesight. (SInv)
Your thick and shaggy fur keeps you warm. (AC +3, rC+)
Your paws help you pounce on unaware monsters.
You are incapable of wielding weapons or throwing items.
You cannot wear armour.
You gain extra lives every three experience levels.


Message History

You bite the wolf spider.
You devour a chunk of the wolf spider!
You feel better.
You kill the wolf spider!
Trog accepts your kill.
The jumping spider leaps! x2
A jumping spider comes into view.
You feel a strong urge to attack something.
A redback comes into view. x2
The jumping spider leaps!
A culicivora comes into view.
The jumping spider leaps!
The redback completely misses you.
You closely miss the wolf spider. Your bite misses the wolf spider.
A redback comes into view.
The redback completely misses you. The wolf spider completely misses you.
The wolf spider closely misses you.
A culicivora comes into view.
You closely miss the wolf spider. Your bite misses the wolf spider.
The jumping spider leaps!
You claw the wolf spider! You block the wolf spider's attack.
The wolf spider completely misses you. The redback bites you!
The jumping spider leaps!
A culicivora comes into view.
You are too injured to fight recklessly!
A redback comes into view.
The redback completely misses you.
You feel a strong urge to attack something.
You are no longer berserk.
You are exhausted.
You feel yourself slow down. The redback misses you.
The redback attacks as it pursues you! The redback closely misses you.
The redback completely misses you.
You claw the redback! You bite the redback. The redback bites you.
The redback completely misses you.
A culicivora comes into view.
A demonic crawler comes into view.
The redback completely misses you. The redback misses you.
You claw the redback! Your claw misses the redback. You bite the redback!
You devour the redback!
You feel better.
You kill the redback!
Trog accepts your kill.
A jumping spider comes into view.
The jumping spider leaps!
The redback completely misses you.
The jumping spider completely misses you.
The jumping spider misses you. You block the wolf spider's attack.
The wolf spider completely misses you.
You barely miss the jumping spider. You bite the jumping spider.
The jumping spider leaps!
The redback completely misses you.
The jumping spider completely misses you.
The jumping spider closely misses you. The wolf spider completely misses you.
You block the wolf spider's attack.
You mangle the jumping spider!! You bite the jumping spider.
The redback misses you.
The jumping spider leaps!
A jumping spider comes into view.
The culicivora barely misses you.
You mangle the culicivora!! Your claw misses the culicivora.
Your bite misses the culicivora. The redback completely misses you.
The culicivora misses you. You block the wolf spider's attack.
The wolf spider closely misses you.
You mangle the culicivora!!
You devour half of the culicivora!
You feel better.
You kill the culicivora!
Trog accepts your kill.
The jumping spider leaps!
A jumping spider comes into view.
The redback completely misses you. The wolf spider completely misses you.
You block the wolf spider's attack.
The jumping spider completely misses you. x2
The redback completely misses you.
You barely miss the jumping spider. Your claw misses the jumping spider.
You bite the jumping spider! The wolf spider hits you!
The wolf spider completely misses you. The jumping spider misses you.
You block the jumping spider's attack. The redback closely misses you.
The wolf spider barely misses you. The wolf spider misses you.
You closely miss the jumping spider. Your claw misses the jumping spider.
Your bite misses the jumping spider. You block the jumping spider's attack.
The jumping spider completely misses you.
The redback completely misses you.
The jumping spider leaps!
The wolf spider closely misses you. The wolf spider completely misses you.
The jumping spider leaps!
The redback bites you!
You are lethally poisoned!
The redback poisons you!
You claw the jumping spider!
You devour half of the jumping spider!
You feel better.
You kill the jumping spider!
Trog accepts your kill.
You feel extremely sick.
The wolf spider completely misses you. x2; The jumping spider leaps!
The redback completely misses you. You block the wolf spider's attack.
The wolf spider completely misses you. The demonic crawler hits you!
The demonic crawler barely misses you. x2
You feel better.
The jumping spider leaps!
The redback completely misses you. The wolf spider misses you.
The wolf spider barely misses you. The demonic crawler closely misses you.
The demonic crawler hits you!!
* * * LOW HITPOINT WARNING * * *
The demonic crawler completely misses you.
The redback completely misses you.
The jumping spider leaps!
The wolf spider completely misses you. x2
The demonic crawler completely misses you. x2
The demonic crawler hits you!
* * * LOW HITPOINT WARNING * * *
The redback bites you!
You die...

##...### ####
####.....# ....##
#.s.°....# .#..^.
##.#......#
......##.........#
#.....s..........#
#$.^..s.s....^..#
######s#........#
#####W##.>.....##
##.ssss###......#
##..sss## #.....##
##...sss# #.^..##
#^.......# #...##
........†# #..##
........$# #.##
.......... ###
..........#


You could see a demonic crawler, a wolf spider, 3 culicivoras, 4 jumping spiders
and 5 redbacks.

Vanquished Creatures
  Jorgrun (D:14)
  Kirke (D:14)
  An orc warlord (Orc:2)
  An entropy weaver (Gauntlet)
  Josephine (D:12)
  A vault guard (D:13)
  A hydra (Lair:5)
  A radroach (Spider:1)
  5 centaur warriors
  An ogre mage (D:10)
  2 ironbound frosthearts (IceCv)
  4 boulder beetles
  15 death yaks
  2 two-headed ogres
  A tengu warrior (D:12)
  2 orc high priests (Orc:2)
  Sonja (Lair:5)
  2 skysharks (Lair:5)
  2 harpies (Lair:3)
  7 orc knights
  A deep elf pyromancer (D:15)
  2 wolf spiders (Spider:1)
  2 orc sorcerers (Orc:2)
  5 cyclopes
  10 ugly things
  7 black mambas
  11 elephants
  6 kobold blastminers (Orc:2)
  An ice statue (IceCv)
  A torpor snail (Lair:5)
  23 cane toads
  A gargoyle (D:12)
  4 rime drakes
  4 yaktaurs (D:11)
  6 komodo dragons
  An unseen horror (D:11)
  An efreet (D:13)
  A tengu conjurer (D:12)
  2 freezing wraiths
  2 hornets
  9 trolls
  10 polar bears
  A tarantella (Spider:1)
  Grinder (D:4)
  2 dream sheep (Lair:5)
  2 jumping spiders
  21 blink frogs
  A centaur simulacrum (D:14)
  30 slime creatures
  5 culicivoras
  3 shadows
  Eustachio (D:5)
  4 wraiths
  A vampire (D:14)
  11 wyverns
  5 basilisks
  66 yaks
  A hog (D:14)
  A redback (Spider:1)
  4 wargs (Orc:2)
  12 vampire mosquitoes
  Edmund (D:4)
  3 acid dragons
  16 water moccasins
  2 ice beasts
  A sky beast (D:7)
  27 orc warriors
  2 black bears
  8 ogres
  A crocodile (shapeshifter) (D:15)
  35 wolves
  2 centaurs
  A phantom (D:4)
  4 kobold brigands
  13 bullfrogs
  3 gnoll sergeants
  5 scorpions
  4 killer bees (D:5)
  5 howler monkeys
  4 electric eels
  2 jellies
  A bombardier beetle (D:5)
  A hound (D:5)
  15 orc priests
  2 gnoll boudas
  A sleepcap (D:4)
  4 hell rats (Lair:2)
  2 iguanas
  Natasha (thrice) (D:2)
  22 orc wizards
  19 gnolls
  9 adders
  A shadow imp (D:8)
  3 dart slugs
  5 ribbon worms
  103 orcs
  6 ball pythons
  7 bats
  4 endoplasms
  2 giant cockroaches
  9 goblins
  6 hobgoblins
  3 quokkas
  6 frilled lizards
  35 kobolds
  4 rats
746 creatures vanquished.

Vanquished Creatures (others)
  An orc (D:10)
1 creature vanquished.

Grand Total: 747 creatures vanquished

Notes
Turn   | Place    | Note
-------+----------+-------------------------------------------
     0 | D:1      | RKaid the Felid Berserker began the quest for the Orb.
     0 | D:1      | Reached XP level 1. HP: 12/12 MP: 2/2
     6 | D:1      | Noticed a black bear
     6 | D:1      | Noticed a black mamba
     7 | D:1      | Noticed a killer bee
     7 | D:1      | Noticed a lindwurm
   315 | D:1      | Reached XP level 2. HP: 13/16 MP: 3/3
   972 | D:2      | Reached XP level 3. HP: 20/20 MP: 4/4
  1031 | D:2      | Noticed Natasha
  1046 | D:2      | Killed Natasha
  1047 | D:2      | Reached skill level 4 in Unarmed Combat
  1144 | D:2      | Noticed Natasha
  1156 | D:2      | Killed Natasha
  1157 | D:2      | Reached XP level 4. HP: 13/24 MP: 5/5
  1157 | D:2      | Gained a life (2 lives remaining)
  1310 | D:2      | Noticed Natasha
  1325 | D:2      | Killed Natasha
  1326 | D:2      | Reached skill level 5 in Dodging
  1597 | D:3      | Reached XP level 5. HP: 22/29 MP: 6/6
  1598 | D:3      | Reached ** piety under Trog
  1955 | D:3      | Found a hide-covered altar of Uskayaw.
  1955 | D:3      | Found an opulent altar of Gozag.
  2023 | D:3      | You fall into a shaft and drop 1 floor!
  2165 | D:4      | Found a staircase to the Ecumenical Temple.
  2173 | D:4      | Reached skill level 4 in Fighting
  2574 | D:4      | Noticed Grinder
  2586 | D:4      | Killed Grinder
  2587 | D:4      | Reached skill level 6 in Dodging
  2587 | D:4      | Reached skill level 5 in Unarmed Combat
  2587 | D:4      | Gained mutation: You are covered in thick fur. (AC +2)
                  | [Felid growth]
  2587 | D:4      | Reached XP level 6. HP: 34/34 MP: 7/7
  2758 | D:4      | Noticed Edmund
  2902 | D:4      | Reached skill level 6 in Unarmed Combat
  2902 | D:4      | Reached XP level 7. HP: 32/38 MP: 4/8
  2985 | D:4      | Killed Edmund
  3054 | D:4      | Found Ycwuah's Magic Scroll Boutique.
  3064 | D:4      | Bought a scroll of fear for 48 gold pieces
  3120 | D:4      | Reached skill level 5 in Fighting
  3383 | D:5      | Entered Level 5 of the Dungeon
  3395 | D:5      | Reached skill level 7 in Dodging
  3395 | D:5      | Reached skill level 7 in Unarmed Combat
  3489 | D:5      | HP: 6/39 [poisoned by a killer bee]
  3491 | D:5      | HP: 1/39 [poisoned by a killer bee]
  3491 | D:5      | Slain by a killer bee
  3491 | D:5      | Lost a life (1 life remaining)
  3492 | D:5      | Reached XP level 8. HP: 44/44 MP: 9/9
  3492 | D:5      | Gained a life (2 lives remaining)
  3675 | D:5      | HP: 9/44 [orc/+0 trident (7)]
  4061 | D:5      | Found a runed translucent door.
  4062 | D:5      | Noticed Crazy Yiuf
  4089 | D:5      | Reached skill level 6 in Fighting
  4089 | D:5      | Reached skill level 8 in Unarmed Combat
  4117 | D:5      | Reached skill level 8 in Dodging
  4331 | D:5      | HP: 16/66 [poisoned by a water moccasin]
  4333 | D:5      | HP: 7/66 [poisoned by a water moccasin]
  4335 | D:5      | Succumbed to a water moccasin's poison
  4335 | D:5      | Lost a life (1 life remaining)
  4383 | D:5      | Found a faded altar of an unknown god.
  4386 | D:5      | Found a hazy altar of Hepliaklqana.
  4387 | D:5      | Found a faded altar of an unknown god.
  4655 | D:5      | Noticed Eustachio
  4661 | D:5      | Killed Eustachio
  5070 | D:6      | Reached XP level 9. HP: 49/49 MP: 8/10
  5135 | D:6      | Reached skill level 9 in Unarmed Combat
  5265 | D:6      | Found a broken altar of Ashenzari.
  5579 | D:6      | Reached skill level 9 in Dodging
  5632 | D:6      | Identified 2 scrolls of acquirement
  5632 | D:6      | Acquired a manual of Unarmed Combat
  6001 | D:7      | Reached skill level 7 in Fighting
  6412 | D:6      | Acquired a manual of Fighting
  6466 | D:7      | Reached skill level 10 in Unarmed Combat
  6755 | D:8      | Found a staircase to the Lair.
  6766 | D:8      | Reached skill level 8 in Fighting
  6766 | D:8      | Reached skill level 11 in Unarmed Combat
  6768 | D:8      | Reached skill level 10 in Dodging
  6914 | D:8      | Reached XP level 10. HP: 57/57 MP: 11/11
  6914 | D:8      | Gained a life (2 lives remaining)
  6916 | D:8      | Reached skill level 12 in Unarmed Combat
  7016 | D:8      | Reached skill level 9 in Fighting
  7044 | D:8      | Reached *** piety under Trog
  7100 | D:8      | Reached skill level 13 in Unarmed Combat
  7110 | D:8      | Found a shadowy altar of Dithmenos.
  7178 | D:8      | Reached skill level 11 in Dodging
  7309 | D:8      | Found Zin's Purification Station.
  7311 | D:8      | Found a glowing silver altar of Zin.
  7581 | D:8      | Found an iron altar of Okawaru.
  7598 | D:8      | Identified the staff "Hiucush" {rPois Str+3 Int+3 Stlth+
                  | Alchemy}
  7863 | D:9      | Reached skill level 10 in Fighting
  7959 | D:9      | Reached skill level 14 in Unarmed Combat
  8233 | D:9      | Noticed a centaur warrior
  8488 | D:9      | HP: 14/60 [yak (15)]
  8492 | D:9      | HP: 3/60 [yak (6)]
  8498 | D:9      | Reached XP level 11. HP: 25/64 MP: 1/12
  8788 | D:9      | Found a bloodstained altar of Trog.
  8937 | D:10     | Entered Level 10 of the Dungeon
  8958 | D:9      | Killed a centaur warrior
  8959 | D:9      | Reached skill level 11 in Fighting
  8959 | D:9      | Reached skill level 15 in Unarmed Combat
  9018 | D:10     | Reached skill level 12 in Dodging
  9206 | D:10     | Found a flagged portal.
  9237 | Bailey   | Entered a bailey
  9306 | Bailey   | Noticed an orc knight
  9683 | Bailey   | Reached **** piety under Trog
  9900 | Bailey   | Killed an orc knight
 10472 | D:10     | Found an iron altar of Okawaru.
 10538 | D:10     | Noticed a two-headed ogre
 10546 | D:10     | Killed a two-headed ogre
 10571 | D:10     | HP: 15/65 [orc warrior/arrow (12)]
 10958 | D:10     | Found a glowing golden altar of the Shining One.
 11137 | D:10     | Noticed a boulder beetle
 11149 | D:10     | Killed a boulder beetle
 11235 | D:10     | Found a staircase to the Orcish Mines.
 11325 | D:10     | Noticed an orc knight
 11332 | D:10     | Killed an orc knight
 11333 | D:10     | Reached skill level 12 in Fighting
 11363 | D:10     | Noticed a centaur warrior
 11371 | D:10     | Killed a centaur warrior
 11372 | D:10     | Reached skill level 16 in Unarmed Combat
 11621 | D:10     | Noticed an ogre mage
 11626 | D:10     | Killed an ogre mage
 11627 | D:10     | Reached skill level 13 in Dodging
 11691 | D:10     | Noticed a five-headed hydra
 11896 | Lair:1   | Entered Level 1 of the Lair of Beasts
 12026 | Lair:1   | Gained mutation: Your thick and shaggy fur keeps you warm.
                  | (AC +3, rC+) [Felid growth]
 12026 | Lair:1   | Reached XP level 12. HP: 49/72 MP: 8/13
 12577 | Lair:1   | Reached skill level 1 in Stealth
 12579 | Lair:1   | Reached skill level 13 in Fighting
 12720 | Lair:1   | Reached skill level 2 in Stealth
 13264 | Lair:2   | Reached skill level 3 in Stealth
 13408 | Lair:2   | Reached skill level 4 in Stealth
 13572 | Lair:2   | Reached skill level 14 in Dodging
 14440 | Lair:3   | Found a gate leading to a gauntlet.
 14451 | Gauntlet | Entered a Gauntlet
 14451 | Gauntlet | Noticed an entropy weaver
 14451 | Gauntlet | Found a transporter.
 14451 | Gauntlet | Found a transporter.
 14451 | Gauntlet | Found a transporter.
 14453 | Gauntlet | Found a transporter.
 14455 | Gauntlet | Found a transporter.
 14471 | Gauntlet | Found a transporter.
 14485 | Gauntlet | Noticed a tengu warrior
 14486 | Gauntlet | Found a transporter.
 14501 | Gauntlet | Found a transporter.
 14515 | Gauntlet | Found a transporter.
 14531 | Gauntlet | Found a transporter.
 14537 | Gauntlet | Found a transporter.
 14547 | Gauntlet | Noticed a minotaur
 14551 | Gauntlet | Found a transporter.
 14719 | Gauntlet | Killed an entropy weaver
 14720 | Gauntlet | Reached skill level 5 in Stealth
 14726 | Gauntlet | Reached skill level 17 in Unarmed Combat
 14795 | Gauntlet | Identified the +1 pair of boots of Baquoden {*Corrode rPois
                  | rF+}
 14803 | Gauntlet | HP: 19/99 [laughing skull (10)]
 14803 | Gauntlet | Killed from afar by a laughing skull
 14803 | Gauntlet | Lost a life (1 life remaining)
 14825 | Lair:3   | Reached skill level 14 in Fighting
 14918 | Lair:3   | Reached skill level 6 in Stealth
 15051 | Lair:3   | HP: 13/74 [yak (13)]
 15396 | Lair:3   | Found a staircase to the Shoals.
 15818 | Lair:3   | Reached skill level 7 in Stealth
 15833 | Lair:3   | Reached XP level 13. HP: 79/79 MP: 10/14
 15833 | Lair:3   | Gained a life (2 lives remaining)
 15940 | Lair:3   | Reached skill level 15 in Dodging
 15943 | Lair:3   | You fall into a shaft and drop 2 floors!
 15943 | Lair:5   | Entered Level 5 of the Lair of Beasts
 15980 | Lair:4   | HP: 9/79 [death yak (19)]
 15981 | Lair:4   | HP: 1/79 [death yak (8)]
 15981 | Lair:4   | Demolished by a death yak
 15981 | Lair:4   | Lost a life (1 life remaining)
 15996 | Lair:4   | Found a runed translucent gate.
 15996 | Lair:4   | Found a runed translucent gate.
 15996 | Lair:4   | Found a runed translucent gate.
 16392 | Lair:3   | Found a hole to the Spider Nest.
 16476 | Lair:3   | Acquired a manual of Shapeshifting
 16708 | Lair:4   | Reached skill level 15 in Fighting
 16840 | Lair:4   | Reached skill level 8 in Stealth
 16848 | Lair:4   | Reached skill level 1 in Shapeshifting
 17145 | Lair:4   | Found a viscous altar of Jiyva.
 17145 | Lair:4   | Found a staircase to the Slime Pits.
 17149 | Lair:4   | Noticed riffraff's ghost (journeyman AtFi)
 17245 | Lair:4   | Reached skill level 2 in Shapeshifting
 17253 | Lair:4   | Reached skill level 3 in Shapeshifting
 18293 | Lair:5   | Noticed Sonja
 18318 | Lair:5   | Killed Sonja
 18319 | Lair:5   | Reached skill level 4 in Shapeshifting
 18626 | Lair:5   | Reached skill level 5 in Shapeshifting
 18852 | Lair:4   | Reached skill level 6 in Shapeshifting
 19052 | Lair:5   | HP: 19/81 [bullfrog (5)]
 19494 | Lair:5   | Reached skill level 16 in Dodging
 19525 | Lair:5   | Reached skill level 7 in Shapeshifting
 19638 | Lair:5   | Reached XP level 14. HP: 73/86 MP: 10/15
 19648 | Lair:5   | HP: 18/86 [wyvern (13)]
 19650 | Lair:5   | HP: 7/86 [poisoned by a cane toad]
 19651 | Lair:5   | Slain by a cane toad
 19651 | Lair:5   | Lost a life (0 lives remaining)
 20181 | Lair:5   | Reached skill level 18 in Unarmed Combat
 20181 | Lair:5   | Reached skill level 8 in Shapeshifting
 20530 | Lair:5   | Reached skill level 16 in Fighting
 20797 | Lair:5   | Reached skill level 9 in Shapeshifting
 22077 | Orc:1    | Entered Level 1 of the Orcish Mines
 22079 | Orc:1    | Found Zits's Antique Armour Emporium.
 22289 | Orc:1    | Reached ***** piety under Trog
 22575 | Orc:1    | You fall into a shaft and drop 1 floor!
 22575 | Orc:2    | Entered Level 2 of the Orcish Mines
 22575 | Orc:2    | Noticed an orc warlord
 22575 | Orc:2    | Found Ohil's Jewellery Shop.
 22598 | Orc:2    | Killed an orc warlord
 22599 | Orc:2    | Reached skill level 10 in Shapeshifting
 22625 | Orc:2    | HP: 3/87 [orc high priest/+0 glaive (21)]
 22650 | Orc:2    | Reached skill level 17 in Dodging
 22667 | Orc:2    | HP: 15/88 [orc knight/+3 great sword (15)]
 22974 | Orc:2    | Found a staircase to the Elven Halls.
 23111 | Orc:2    | Found Haitt's General Store.
 23163 | Orc:2    | Found a dark tunnel.
 23171 | Volcano  | Entered a volcano
 23260 | Orc:2    | Found Tuowaoj's Antique Armour Emporium.
 23319 | Orc:2    | Found Faahisiho's Antique Weapon Shop.
 23445 | Orc:2    | Found Vyasi's Firing Range.
 23742 | Orc:2    | Bought a +5 ring of evasion for 576 gold pieces
 23767 | Orc:2    | Bought a wand of digging (6) for 327 gold pieces
 23767 | Orc:2    | Bought a scroll of fog for 52 gold pieces
 23767 | Orc:2    | Bought a scroll of fear for 52 gold pieces
 24310 | D:12     | Reached skill level 11 in Shapeshifting
 24321 | D:12     | Reached XP level 15. HP: 92/92 MP: 11/16
 24324 | D:12     | Noticed Josephine
 24341 | D:12     | Killed Josephine
 24352 | D:12     | HP: 33/138 [slime creature (16)]
 24355 | D:12     | HP: 13/138 [slime creature (10)]
 24357 | D:12     | HP: 4/92 [troll (5)]
 25037 | D:13     | Identified the +7 war axe of Rizusch {flame, rPois Will-
                  | rCorr Dex+6}
 25091 | D:13     | Found a frozen archway.
 25114 | IceCv    | Entered an ice cave
 25549 | IceCv    | Reached ****** piety under Trog
 25558 | IceCv    | HP: 26/139 [death yak (17)]
 25573 | IceCv    | Reached skill level 18 in Dodging
 25584 | IceCv    | HP: 20/93 [something (9)]
 26022 | D:13     | Reached skill level 17 in Fighting
 26240 | D:13     | Found a gate to the Vaults.
 26499 | D:14     | Reached skill level 19 in Unarmed Combat
 26677 | D:14     | Found Vialotho's Jewellery Emporium.
 26684 | D:14     | Noticed Jorgrun
 26694 | D:14     | Killed Jorgrun
 26709 | D:14     | Bought a maw talisman for 330 gold pieces
 26786 | D:14     | Noticed Kirke
 26795 | D:14     | Noticed a sphinx
 26800 | D:14     | Killed Kirke
 26801 | D:14     | Reached skill level 12 in Shapeshifting
 27227 | D:15     | Entered Level 15 of the Dungeon
 27807 | Orc:2    | Bought a ring of poison resistance for 320 gold pieces
 28007 | Lair:3   | Acquired an amulet of reflection
 28021 | Spider:1 | Entered Level 1 of the Spider Nest
 28103 | Spider:1 | HP: 12/93 [demonic crawler (13)]
 28103 | Spider:1 | Slain by a redback

Illustrated notes

Levels and vault maps discovered:
D:1:      onia_arrival_zoo_common, layout_basic
D:2:      layout_basic, uniq_natasha
D:3:      layout_basic, nicolae_overflow_two_pavilions
D:4:      layout_basic, minmay_temple_entry_offerings, serial_shops, shop,
          dk_noncrumbling_4, uniq_grinder, uniq_edmund
D:5:      layout_basic, nicolae_hepliaklqana_ecumenical_no_more,
          uniq_crazy_yiuf_cottage, uniq_eustachio
D:6:      layout_loops_ring, ashenzari_altar_1
D:7:      layout_cave_pools, hangedman_decor_clover_reticule, minmay_manual_mess
D:8:      layout_rooms, zin_purify, mainiacjoe_overflow_alcove_1,
          minmay_lair_entry_grove, david_defended_altar_orc
D:9:      layout_long_grid, amcnicky_altar_gilded
D:10:     layout_small_grid, kennysheep_mini_moat, mainiacjoe_overflow_paths,
          hiddenorc2_lemuel, enter_bailey_7, minmay_evil_grid
D:11:     layout_basic, minivault_22, grunt_decor_one_mirror
D:12:     layout_basic, uniq_josephine
D:13:     layout_loops_ring, david_vaults_5, portal_ice_cave_entry_pillars_2
D:14:     layout_basic, serial_shops, nicolae_shop_tiny_statue_garden,
          minmay_staircase_bubble, uniq_jorgrun, uniq_kirke
D:15:     grunt_enter_depths_hoard, layout_cave_pools,
          minmay_misc_feat_four_crosses, evilmike_butchery
Lair:1:   layout_roguey, infiniplex_staircase_pool
Lair:2:   layout_cave_pods
Lair:3:   layout_misc_corridors, nicolae_shoals_entry_roost,
          hellmonk_spider_entry_life_and_decay, gauntlet_entry_generic,
          nicolae_lair_lil_pond, grunt_megastairs_1
Lair:4:   layout_cellular_growth, slime_entry_1, gammafunk_ghost_hydra_chop
Lair:5:   minmay_lair_end_frog_pond, layout_cave_pods, uniq_sonja
Spider:1: layout_cave_pods
Orc:1:    layout_caves, serial_shops, shop
Orc:2:    grunt_orc_gardens, layout_caves, grunt_orc_garden, grunt_orc_garden,
          grunt_orc_garden, grunt_orc_garden, enter_volcano_1,
          nicolae_shop_firing_range

Skill      XL: |  1  2  3  4  5  6  7  8  9 10 11 12 13 14 15 |
---------------+----------------------------------------------+-----
Unarmed Combat | 4 5 6 7 8 11 14 16 17 18 19 | 19.2
Dodging        | 5 6 7 8 10 11 13 14 16 17 18 | 18.6
Fighting       | 4 5 6 8 10 12 14 15 16 17 | 17.3
Stealth        | 7 8 |  8.0
Shapeshifting  | 7 11 12 | 12.1

Action                     |  1- 3 |  4- 6 |  7- 9 | 10-12 | 13-15 || total
---------------------------+-------+-------+-------+-------+-------++-------
  Melee: Unarmed           |    67 |   118 |   232 |   655 |  1076 ||  2148
         Bite              |     3 |     9 |    23 |    89 |   143 ||   267
         Punch             |     1 |     6 |     9 |    55 |   113 ||   184
         Maw               |       |       |       |       |    28 ||    28
 Invoke: Berserk           |     2 |     7 |    21 |    39 |    34 ||   103
         Trog's Hand       |       |       |     1 |     5 |     6 ||    12
         Brothers in Arms  |       |       |       |     1 |     1 ||     2
Ability: Begin Untransform |       |       |       |       |     1 ||     1
  Evoke: Wand              |       |       |       |     1 |     4 ||     5
    Use: Scroll            |       |     1 |    12 |     9 |    13 ||    35
         Potion            |       |       |       |     3 |     9 ||    12
   Stab: Sleeping          |     2 |     3 |     2 |     2 |    13 ||    22
         Distracted        |       |       |       |       |     8 ||     8
 Armour: Skin              |    17 |    26 |    74 |   200 |   249 ||   566
  Dodge: Dodged            |    63 |    84 |   223 |   617 |  1037 ||  2024
  Block: Other             |       |       |       |       |     9 ||     9
   Form: Blade             |       |       |       |       |     2 ||     2
         Maw               |       |       |       |       |     1 ||     1

Table legend: (Time is in decaauts)
 A = Elapsed time spent in this place.
 B = Non-inter-level travel time spent in this place.
 C = Inter-level travel time spent in this place.
 D = Time resting spent in this place.
 E = Time spent auto-exploring this place.
 F = Levels seen in this place.
 G = Mean time per level.
                   A        B        C        D        E       F      G
               +--------+--------+--------+--------+--------+-----+--------+
         Total |  28401 |  26797 |   1604 |   8671 |  11340 |  27 | 1051.9 |
       Dungeon |  15410 |  14398 |   1012 |   4087 |   6910 |  15 | 1027.3 |
          Lair |   9025 |   8582 |    443 |   3462 |   3207 |   5 | 1805.0 |
   Spider Nest |     73 |     73 |      0 |      0 |     35 |   1 |   73.0 |
  Orcish Mines |   1521 |   1372 |    149 |    402 |    593 |   2 |  760.5 |
        Bailey |   1127 |   1127 |      0 |    414 |    253 |   1 | 1127.0 |
      Ice Cave |    804 |    804 |      0 |    211 |    278 |   1 |  804.0 |
       Volcano |     66 |     66 |      0 |     27 |      0 |   1 |   66.0 |
      Gauntlet |    372 |    372 |      0 |     67 |     63 |   1 |  372.0 |
               +--------+--------+--------+--------+--------+-----+--------+

Top non-repeatable levels by time:
  Lair:4: 2504 daAuts
  Lair:3: 1866 daAuts
    D:10: 1862 daAuts
  Lair:5: 1851 daAuts
     D:9: 1483 daAuts
     D:5: 1465 daAuts
  Lair:2: 1410 daAuts
  Lair:1: 1391 daAuts
    D:11: 1230 daAuts
     D:6: 1128 daAuts
  Bailey: 1127 daAuts
     D:8: 1079 daAuts
     D:4: 1076 daAuts
   Orc:2: 1043 daAuts
     D:7: 961 daAuts

Table legend:
 A = Kills in this place as a percentage of kills in the entire game.
 B = Kills by you in this place as a percentage of kills by you in the entire game.
 C = Kills by friends in this place as a percentage of kills by friends in the entire game.
 D = Other kills in this place as a percentage of other kills in the entire game.
 E = Experience gained in this place as a percentage of experience gained in the entire game.
 F = Experience gained in this place divided by the number of levels of this place that you have seen.
                   A       B       C       D       E      F
               +-------+-------+-------+-------+-------+----------------------
         Total | 100.0 | 100.0 |   N/A |   N/A | 100.0 | 5404.3
       Dungeon |  51.3 |  51.3 |   N/A |   N/A |  38.3 | 3721.4
          Lair |  25.5 |  25.5 |   N/A |   N/A |  38.5 | 11226.8
   Spider Nest |   0.9 |   0.9 |   N/A |   N/A |   2.0 | 2983.0
  Orcish Mines |  12.6 |  12.6 |   N/A |   N/A |  10.0 | 7305.5
        Bailey |   2.9 |   2.9 |   N/A |   N/A |   0.8 | 1189.0
      Ice Cave |   6.4 |   6.4 |   N/A |   N/A |   9.6 | 14000.0
      Gauntlet |   0.3 |   0.3 |   N/A |   N/A |   0.8 | 1179.0
               +-------+-------+-------+-------+-------+----------------------
